 Dungeon Crawl Stone Soup version 0.28.0-43-g3370ac3207 (webtiles) character file.

Game seed: 2101492681401141836

147 vvl the Stinger (level 5, -1/38 HPs)
             Began as a Demonspawn Venom Mage on Mar 24, 2022.
             Killed from afar by an orc wizard (6 damage)
             ... with a magic dart
             ... on level 3 of the Dungeon.
             The game lasted 00:06:47 (4198 turns).

vvl the Stinger (Demonspawn Venom Mage)             Turns: 4198, Time: 00:06:48

Health: -1/38      AC:  5    Str: 11    XL:     5   Next: 8%
Magic:  4/9        EV: 11    Int: 16    God:
Gold:   180        SH:  0    Dex: 13    Spells: 8/9 levels left

rFire   . . .      SeeInvis .   c - +3 short sword
rCold   . . .      Faith    .   (no shield)
rNeg    . . .      Spirit   .   m - +0 leather armour
rPois   .          Reflect  .   (no helmet)
rElec   .          Harm     .   (no cloak)
rCorr   .          Rampage  .   (no gloves)
Will    .....                   (no boots)
Stlth   ++........              (no amulet)
HPRegen 0.12/turn               (no ring)
MPRegen 0.11/turn               (no ring)

@: no status effects
A: thin metallic scales 1
a: no special abilities


You were on level 3 of the Dungeon.
You visited 1 branch of the dungeon, and saw 3 of its levels.

You collected 180 gold pieces.

Inventory:

Hand Weapons
 c - a +3 short sword (weapon)
Missiles
 d - a throwing net
Armour
 m - a +0 leather armour (worn)
Jewellery
 t - an amulet of regeneration
Wands
 s - a wand of polymorph (9)
Scrolls
 a - a scroll of brand weapon {unknown}
 b - a scroll of vulnerability {unknown}
 e - a scroll of silence {unknown}
 f - 2 scrolls of teleportation {unknown}
 g - a scroll of blinking {unknown}
 h - 2 scrolls of amnesia {unknown}
 i - 2 scrolls of fear {unknown}
 j - 2 scrolls of identify {unknown}
 o - a scroll of fog {unknown}
 r - a scroll of magic mapping {unknown}
Potions
 k - a potion of attraction {unknown}
 l - a potion of berserk rage {unknown}
 n - a potion of mutation {unknown}
 p - 2 potions of cancellation {unknown}
 q - 2 potions of magic {unknown}


   Skills:
 + Level 1.7 Fighting
 + Level 0.4 Armour
 - Level 2.0 Dodging
 - Level 2.0 Stealth
 + Level 2.6 Spellcasting
 + Level 1.7 Transmutations
 * Level 4.3 Poison Magic


You had 8 spell levels left.
You knew the following spells:

 Your Spells              Type           Power      Damage    Failure   Level
a - Sting                 Tmut/Pois      44%        1d5       8%          1

Your spell library contained the following spells:

 Spells                   Type           Power      Damage    Failure   Level
 Poisonous Vapours        Pois/Air       18%        N/A       16%         2
 Mephitic Cloud           Conj/Pois/Air  6%         N/A       38%         3
 Olgreb's Toxic Radiance  Pois           16%        N/A       38%         4


Dungeon Overview and Level Annotations

Branches:
Dungeon (3/15)

Altars:

Shops:
D:3 =[[


Innate Abilities, Weirdness & Mutations

You are partially covered in thin metallic scales. (AC +2)


Message History

You feel less confused.
You kill the orc!
The orc wizard barely misses you.
Casting: Sting (safe; 8% risk of failure)
Confirm with . or Enter, or press ? or * to list all spells.
Aiming: Sting (safe; 8% risk of failure)
Press: ? - help, Shift-Dir - straight line, f - orc wizard
Aim: an orc wizard, wielding a +0 dagger and wearing a +0 robe (64% to hit)
The sting hits the orc wizard but does no damage.
The orc wizard is poisoned.
The orc wizard hits you with a +0 dagger.
Casting: Sting (safe; 8% risk of failure)
Confirm with . or Enter, or press ? or * to list all spells.
Aiming: Sting (safe; 8% risk of failure)
Press: ? - help, Shift-Dir - straight line, f/p - orc wizard
Aim: an orc wizard, wielding a +0 dagger and wearing a +0 robe (lightly wounded, poisoned, 64% to hit)
The sting misses the orc wizard.
The orc hits you with a +0 whip.
The orc wizard points at you and mumbles some strange words.
You resist with some effort.
Unknown command.
Casting: Sting (safe; 8% risk of failure)
Confirm with . or Enter, or press ? or * to list all spells.
Aiming: Sting (safe; 8% risk of failure)
Press: ? - help, Shift-Dir - straight line, f/p - orc wizard
Aim: an orc wizard, wielding a +0 dagger and wearing a +0 robe (lightly wounded, poisoned, 64% to hit)
The sting hits the orc wizard.
The orc wizard looks even sicker.
The orc wizard is lightly wounded.
The orc closely misses you.
The orc wizard points at you and mumbles some strange words.
The magic dart hits you.
* * * LOW HITPOINT WARNING * * *
The orc wizard gestures wildly while chanting.
The orc wizard flickers and vanishes!
Deactivating autopickup; reactivate with Ctrl-A.
There is an escape hatch in the ceiling here.
The orc hits you with a +0 whip.
* * * LOW HITPOINT WARNING * * *
A magic dart appears from out of thin air!
The magic dart hits you.
You die...

##########....#
#........#....#
#........#....#
#........##..#
#........##..#
#...>......).#
###.......{..###
##..........### ####
#........@o.# ...#
...#........#
...###...##........#
...†.....(..###..###
.........#####..######
#...............##...##
..#.#...####..........##
.##...### #............#
.##..## #............#


You could see an orc.

Vanquished Creatures
  An orc wizard (D:2)
  6 adders
  2 worms (D:3)
  A dart slug (D:3)
  6 orcs
  3 ball pythons
  5 endoplasms
  7 goblins
  3 hobgoblins
  3 jackals (D:2)
  5 kobolds
  2 quokkas
  4 bats (D:3)
  6 frilled lizards
  8 rats
62 creatures vanquished.

Notes
Turn   | Place    | Note
-------+----------+-------------------------------------------
     0 | D:1      | vvl the Demonspawn Venom Mage began the quest for the Orb.
     0 | D:1      | Reached XP level 1. HP: 13/13 MP: 3/3
   214 | D:1      | Reached skill level 1 in Transmutations
   229 | D:1      | Gained mutation: You are partially covered in thin metallic
                  | scales. (AC +2) [demonic ancestry]
   229 | D:1      | Reached XP level 2. HP: 14/20 MP: 1/5
   652 | D:1      | Found a faded altar of an unknown god.
  1651 | D:2      | Reached skill level 1 in Fighting
  1651 | D:2      | Reached XP level 3. HP: 19/26 MP: 0/6
  1782 | D:2      | Reached XP level 4. HP: 23/32 MP: 1/7
  1974 | D:2      | Reached skill level 4 in Poison Magic
  3237 | D:3      | Found Ceoffah's Armour Emporium.
  3240 | D:3      | Found Fepsit's Antique Armour Shoppe.
  3339 | D:3      | Found Seuxzoja's Jewellery Shop.
  3902 | D:3      | Reached XP level 5. HP: 33/38 MP: 1/8
  4198 | D:3      | Killed from afar by an orc wizard

Illustrated notes

Levels and vault maps discovered:
D:1:      lightli_arrival_chessboard, layout_basic, basic_ecumenical_altar,
          chequers_serial_rivers_small_a, minmay_misc_feat_x
D:2:      layout_loops_ring, moated_statue, lemuel_flame_loot_1
D:3:      minmay_thinvault, layout_rooms, serial_shops, nicolae_lakefront_shop,
          shop, shop_coins, shop

Skill      XL: |  1  2  3  4 |
---------------+-------------+-----
Transmutations | 1 |  1.7
Stealth        | 2 |  2.0
Fighting       | 1 |  1.7
Dodging        | 2 |  2.0
Poison Magic   | 4 |  4.3
Armour         | |  0.4
Spellcasting   | |  2.6

Action                   |  1- 3 |  4- 6 || total
-------------------------+-------+-------++-------
Melee: Short sword       |    43 |    47 ||    90
       Unarmed           |     2 |       ||     2
       Punch             |     1 |       ||     1
 Cast: Sting             |    25 |    59 ||    84
 Stab: Sleeping          |       |     1 ||     1
Armor: Robe              |    10 |       ||    10
       Leather armour    |       |    29 ||    29
Dodge: Dodged            |    40 |    54 ||    94
